 Dungeon Crawl Stone Soup version 0.14-a0-2443-g5aee772 (webtiles) character file.

2118 HollowCharge the Chopper (level 9, -10/62 HPs)
             Began as a Formicid Fighter on Feb 5, 2014.
             Was a High Priest of Jiyva.
             Mangled by an orc warrior
             ... wielding a +0,-3 orcish war axe
              (14 damage)
             ... on Level 6 of the Dungeon.
             The game lasted 00:25:52 (5986 turns).

HollowCharge the Chopper (Formicid Fighter)         Turns: 5986, Time: 00:25:52

HP -10/62        AC 11     Str 24      XL: 9   Next: 67%
MP   9/9         EV  6     Int  8      God: Jiyva [*****.]
Gold 182         SH 20     Dex 10      Spells:  0 memorised,  8 levels left

rFire  . . .     SeeInvis +     h - +2,+0 hand axe
rCold  . . .     Clarity  .     l - +0 chain mail
rNeg   . . .     Conserve .     c - -1 shield (curse)
rPois  x         rCorr    +     (helmet unavailable)
rElec  .         rRot     .     (no cloak)
SustAb . .       Spirit   .     (no gloves)
rMut   .         Warding  .     (no boots)
Saprov . . .     Stasis   +     (no amulet)
MR     .....                    (no ring)
                                (no ring)

@: not resistant to hostile enchantments, extremely unstealthy
A: permanent stasis, dig shafts and tunnels, four strong arms, poison weakness,
antennae 3, exoskeleton 1
a: Dig, Shaft Self, Request Jelly, Jelly Paralyse, Slimify, Cure Bad Mutation,
Renounce Religion


You were on level 6 of the Dungeon.
You worshipped Jiyva.
Jiyva was extremely pleased with you.
You were completely stuffed.

You visited 1 branch of the dungeon, and saw 6 of its levels.

You collected 182 gold pieces.

Inventory:

Hand weapons
 b - a +0,+1 orcish mace
 h - a +2,+0 hand axe (weapon)
 i - a -1,+0 orcish dagger
 r - a +0,+0 orcish hand axe
Missiles
 e - 16 bolts
Armour
 c - a cursed -1 shield (worn)
 k - the cursed +2 shield "Woiss" {Dam+5 Stlth--, unknown}
   (You found it on level 6 of the Dungeon)

   It affects your damage with ranged weapons and melee attacks (+5).
   It makes you much less stealthy.
   It has a curse placed upon it.
 l - a +0 chain mail (worn)
Comestibles
 d - 4 bread rations
Potions
 a - 2 potions of might {unknown}
 f - a potion of speed {unknown}
 g - 4 potions of curing
 j - a potion of restore abilities {unknown}
 m - a potion of flight {unknown}


   Skills:
 + Level 5.9 Fighting
 * Level 7.6 Axes
 + Level 7.3 Armour
 + Level 6.1 Shields


You had 8 spell levels left.
You didn't know any spells.

Dungeon Overview and Level Annotations

Branches:
Dungeon (6/16)
 Temple: D:4-7

Altars:
Jiyva

Annotations:
D:2 Sigmund


Innate Abilities, Weirdness & Mutations

Your are under a permanent stasis effect.
You can dig through walls and to a lower floor.
Your four strong arms can wield any weapon, most with a shield.
You are susceptible to poison.
You have a pair of large antennae on your head (SInv).
Your body is surrounded by an exoskeleton. (AC +1)


Message History

The orc warrior is severely wounded.
You closely miss the orc warrior.
The orc warrior is severely wounded.
The orc warrior hits you with an orcish war axe.
You hit the orc warrior but do no damage.
The orc warrior is severely wounded.
The orc warrior hits you with an orcish war axe!
You hit the orc warrior but do no damage.
The orc warrior is severely wounded.
You block the orc warrior's attack.
You hit the orc warrior but do no damage.
The orc warrior is severely wounded.
You hit the orc warrior but do no damage.
The orc warrior is severely wounded.
The orc warrior hits you with an orcish war axe!
* * * LOW HITPOINT WARNING * * *
You hit the orc warrior but do no damage.
The orc warrior is severely wounded.
The orc warrior hits you with an orcish war axe!
You die...

.# #....<'........#.#.
#.#.##.....######.#.#.#.
..#.##.....# #.#.#...
####.#.######## #...###.
..............#######......
#####...........##.....######.
..#.#...........#.......## #.
#.#.................>....# #.
#.#.#.......o@...⌠.....⌠.# #.
#.#.#..%.................# #.
####.#.#..............⌠.⌠..##
#.
.%...#.#..................##
#+ .......#.................##
########................##
##################


You could see an orc warrior.

Vanquished Creatures
  Pikel (D:3)
  The ghost of runewalsh the Covert, an experienced OpWz of Nemelex Xobeh (D:4)
  Eustachio (D:4)
  A necrophage (D:5)
  2 slaves (D:3)
  2 ogres (D:4)
  A hippogriff zombie (D:6)
  2 jellies (D:4)
  2 crimson imps
  2 hounds
  A worker ant (D:6)
  2 orc wizards (D:5)
  2 scorpions
  5 gnolls
  A worm zombie (D:5)
  4 adders
  An orc skeleton (D:6)
  A grey rat (D:4)
  2 giant geckos (D:2)
  6 oozes
  9 orcs
  2 ball pythons
  A bat skeleton (D:5)
  4 giant cockroaches
  12 goblins
  9 hobgoblins
  8 jackals
  8 kobolds
  2 quokkas
  9 bats
  5 giant newts
  14 rats
  A ballistomycete (D:6)
124 creatures vanquished.

Vanquished Creatures (others)
  A slave (D:4)
  An iguana (D:4)
  2 centaurs
  An ogre (D:5)
  4 orc wizards
  6 jellies
  3 crimson imps
  2 orc priests
  A scorpion (D:6)
  3 adders
  A giant gecko (D:4)
  8 orcs
  3 bats
  A kobold (D:6)
  2 quokkas
  A giant spore (D:6)
  2 rats
  A toadstool (D:4)
43 creatures vanquished.

Grand Total: 167 creatures vanquished

Notes
Turn   | Place    | Note
--------------------------------------------------------------
     0 | D:1      | HollowCharge, the Formicid Fighter, began the quest for the Orb.
     0 | D:1      | Reached XP level 1. HP: 16/16 MP: 1/1
   112 | D:1      | Reached XP level 2. HP: 19/21 MP: 2/2
   323 | D:1      | Reached XP level 3. HP: 11/26 MP: 3/3
   604 | D:1      | Reached skill level 4 in Armour
  1231 | D:2      | Reached XP level 4. HP: 25/31 MP: 4/4
  1540 | D:2      | Noticed Sigmund
  2231 | D:3      | Reached XP level 5. HP: 36/36 MP: 5/5
  2785 | D:4      | Noticed an ogre
  2785 | D:4      | Noticed runewalsh's ghost (experienced OpWz)
  2850 | D:4      | Noticed a slave
  2850 | D:4      | Noticed a slave
  2891 | D:3      | Killed a slave
  3064 | D:3      | Killed a slave
  3189 | D:4      | Noticed Pikel
  3190 | D:4      | Noticed a slave
  3239 | D:3      | Killed Pikel
  3239 | D:3      | Reached skill level 5 in Axes
  3239 | D:3      | Reached skill level 5 in Armour
  3239 | D:3      | Reached XP level 6. HP: 31/44 MP: 6/6
  3239 | D:3      | Reached XP level 7. HP: 34/49 MP: 7/7
  3239 | D:3      | Reached XP level 8. HP: 37/54 MP: 8/8
  3338 | D:4      | Noticed a freed slave
  3433 | D:4      | Killed a freed slave
  3467 | D:4      | Noticed an ogre
  3477 | D:4      | Killed an ogre
  3934 | D:4      | Killed runewalsh's ghost
  3934 | D:4      | Reached skill level 5 in Fighting
  3934 | D:4      | Reached skill level 6 in Axes
  3934 | D:4      | Reached skill level 5 in Shields
  4115 | D:4      | Killed an ogre
  4347 | D:4      | Noticed Eustachio
  4378 | D:4      | Killed Eustachio
  4378 | D:4      | Reached XP level 9. HP: 47/61 MP: 9/9
  4480 | D:4      | Found a viscous altar of Jiyva.
  4495 | D:4      | Became a worshipper of Jiyva Jethoamu the Shapeless
  4630 | D:4      | Acquired Jiyva's first power
  4861 | D:5      | Entered Level 5 of the Dungeon
  4886 | D:5      | Reached skill level 7 in Axes
  4972 | D:5      | Acquired Jiyva's second power
  5052 | D:5      | Gained mutation: Thin tendrils of slime have grown from your body. [Jiyva's grace]
  5087 | D:5      | Acquired Jiyva's third power
  5654 | D:6      | Acquired Jiyva's fourth power
  5726 | D:6      | Lost mutation: Thin tendrils of slime have grown from your body. [Jiyva's grace]
  5955 | D:6      | Got a distressingly furry shield
  5986 | D:6      | Mangled by an orc warrior

Action                   |  1- 3 |  4- 6 |  7- 9 || total
-------------------------+-------+-------+-------++-------
Melee: Hand axe          |   132 |   225 |   372 ||   729
  Use: Scroll            |       |     7 |     2 ||     9
